 Dungeon Crawl Stone Soup version 0.27-a0-965-gbf8bb431c4 (webtiles) character file.

Game seed: 33135360714225837

1266 Lanoc the Magician (level 8, 0/52 HPs)
             Began as a Djinni Conjurer on Apr 12, 2021.
             Was an Initiate of Hepliaklqana.
             Slain by a yak (9 damage)
             ... on level 5 of the Dungeon.
             The game lasted 00:07:15 (5404 turns).

Lanoc the Magician (Djinni Conjurer)                Turns: 5404, Time: 00:07:16

Health: 0/52       AC:  5    Str:  6    XL:     8   Next: 52%
Gold:   100        EV: 14    Int: 22    God:    Hepliaklqana [......] SH:  0 Dex: 12

rFire    + + .     SeeInvis .   i - +0 whip
rCold    . . .     Faith    .   (no shield)
rNeg     . . .     Spirit   .   q - +2 robe {rC+}
rPois    ∞         Reflect  .   j - +0 helmet
rElec    .         Harm     .   (no cloak)
rCorr    .         Rampage  .   (no gloves)
Will     .....                  (boots unavailable)
Stlth    ++........             l - amulet of regeneration
HPRegen  1.17/turn              (no ring)
MPRegen  0.00/turn              (no ring)

@: flying
A: reduced essence, fire resistance 2, cold vulnerability 1, float, innate
caster, hp casting, extra vitality 1
a: Renounce Religion, Recall Ancestor, Ancestor Identity


You were on level 5 of the Dungeon.
You worshipped Hepliaklqana.
Hepliaklqana was noncommittal.
You visited 2 branches of the dungeon, and saw 6 of its levels.

You collected 195 gold pieces.
You spent 95 gold pieces at shops.

Inventory:

Hand Weapons
 i - a +0 whip (weapon)
Armour
 j - a +0 helmet (worn)
 q - a +2 robe of cold resistance (worn)
Jewellery
 f - an amulet of faith
 l - an amulet of regeneration (around neck)
Wands
 t - a wand of mindburst (12)
Scrolls
 c - 3 scrolls of vulnerability {unknown}
 d - 4 scrolls of identify {unknown}
 e - 3 scrolls of teleportation {unknown}
 m - 2 scrolls of fog {unknown}
 o - a scroll of acquirement {unknown}
 r - a scroll of torment {unknown}
 s - a scroll of immolation {unknown}
 u - a scroll of magic mapping {unknown}
Potions
 a - a potion of berserk rage {unknown}
 b - 6 potions of curing {unknown}
 g - 2 potions of haste {unknown}
 h - a potion of flight {unknown}
 k - 3 potions of mutation {unknown}
 n - 3 potions of heal wounds {unknown}
 p - a potion of might {unknown}


   Skills:
 + Level 4.7 Fighting
 + Level 5.8 Dodging
 - Level 1.5 Stealth
 * Level 7.0 Spellcasting


You had one spell level left.
You knew the following spells:

 Your Spells              Type           Power      Damage    Failure   Level
a - Magic Dart            Conj           100%       1d8       1%          1
b - Searing Ray           Conj           76%        3d6       1%          2
c - Dazzling Flash        Conj/Hex       76%        N/A       1%          3
d - Fulminant Prism       Conj/Hex       19%        3d11      4%          4
e - Iskenderun's Mystic   Conj/Tloc      38%        2d9       4%          4
f - Apportation           Tloc           76%        N/A       1%          1
g - Poisonous Vapours     Pois/Air       76%        N/A       1%          2
h - Conjure Flame         Conj/Fire      38%        6-21      1%          3
Your spell library was empty.

Dungeon Overview and Level Annotations

Branches:
Dungeon (5/15)             Temple (1/1) D:4

Altars:
Elyvilon
Fedhas
Gozag
Hepliaklqana
Nemelex Xobeh
Qazlal
Trog
Uskayaw
Xom
The Shining One
Lugonu

Shops:
D:3 *


Innate Abilities, Weirdness & Mutations

Your life essence is reduced to manifest your ancestor. (-10% HP)
You are immune to poison.
Your flesh is very heat resistant. (rF++)
You are vulnerable to cold. (rC-)
You float through the air rather than walking.
You learn spells naturally, not from books.
Your magical power is your life essence.
You have superior vitality. (+4 HP)


Message History

The searing ray hits the yak!
The yak is heavily wounded.
The searing ray hits the yak!
The yak is severely wounded. (Press . to maintain the ray.)
The yak gores Centenhua!
The yak gores you!
The searing ray misses the yak.
The yak gores you.
The searing ray hits the yak!
The yak is severely wounded.
The yak completely misses you.
Centenhua hits the yak.
The yak gores you!
The searing ray hits the yak!
The yak is almost dead.
You finish channeling your searing ray.
The yak barely misses you. The yak gores you but does no damage.
Casting: Searing Ray (safe; 1% risk of failure)
Confirm with . or Enter, or press ? or * to list all spells.
Aiming: Searing Ray (safe; 1% risk of failure)
Press: ? - help, Shift-Dir - straight line, f/p - yak
Aim: a yak (almost dead, 12% to evade)
The searing ray hits the yak!
You kill the yak!
The searing ray hits the yak!
The yak is heavily wounded. (Press . to maintain the ray.) Centenhua barely misses the yak.
The yak barely misses you.
Your Spellcasting skill increases to level 7!
The searing ray hits the yak.
The yak is severely wounded.
The searing ray hits the yak.
The yak is moderately wounded.
The yak gores you.
Centenhua hits the yak.
The yak gores Centenhua.
The yak gores you!
* * * LOW HITPOINT WARNING * * *
The searing ray hits the yak.
The yak is severely wounded.
The searing ray hits the yak!
The yak is heavily wounded.
* * * LOW HITPOINT WARNING * * *
The yak gores you!
You die...

##P ♣..♣.#
#.#..♣..♣P♣..♣..
#.....PP§..§♣..r
...#..♣.♣♣§♣.♣. P♣
#..##....♣.♣.♣.♣♣♣P
...)....♣..♣.♣♣..PP
.
#.....♣♣.♣P...P♣.P
#.
#..#..♣†♣R..♣♣..♣.
#<.
#@Y♣.P.♣###.♣.♣.♣.
##!. #YR##.♣#
##.....♣ .....
+YY#..#+ +#..♣..
#...##(#.♣.##
♣.P♣♣♣
##......♣†.PP#
♣.♣♣♣♣
......##.♣.P.♣♣
♣.♣♣.PP§
.....#......♣♣
.....§§§ ....
#...##..........#..
... #..............
###


You could see the friendly Centenhua the ancestor and 4 yaks.

Vanquished Creatures
  Grinder (D:4)
  Sigmund (D:3)
  2 yaks (D:5)
  2 ogres (D:4)
  A bullfrog zombie (D:5)
  A jelly (D:4)
  2 orc priests (D:5)
  An iguana (D:5)
  An orc wizard (D:5)
  A hound skeleton (D:4)
  Robin (D:2)
  A gnoll (D:1)
  3 adders
  3 river rats (D:5)
  3 worms
  5 orcs
  7 endoplasms
  4 giant cockroaches
  20 goblins
  10 hobgoblins
  15 jackals
  7 kobolds
  3 quokkas
  7 ball pythons
  5 bats
  5 frilled lizards
  2 hobgoblin zombies (D:4)
  2 kobold skeletons (D:4)
  A kobold zombie (D:4)
  An orc zombie (D:4)
  10 rats
128 creatures vanquished.

Vanquished Creatures (collateral kills)
  A water moccasin skeleton (D:4)
  A white imp (D:4)
  A jackal (D:4)
3 creatures vanquished.

Vanquished Creatures (others)
  An orc wizard (D:5)
  An ancestor (D:5)
  7 plants (D:5)
9 creatures vanquished.

Grand Total: 140 creatures vanquished

Notes
Turn   | Place    | Note
-------+----------+-------------------------------------------
     0 | D:1      | Lanoc the Djinni Conjurer began the quest for the Orb.
     0 | D:1      | Reached XP level 1. HP: 15/15 MP: 0/0
   187 | D:1      | Reached XP level 2. HP: 15/22 MP: 0/0
   436 | D:1      | Reached skill level 1 in Fighting
   436 | D:1      | Reached skill level 4 in Spellcasting
   615 | D:1      | Reached XP level 3. HP: 24/27 MP: 0/0
   615 | D:1      | Learned a level 1 spell: Apportation
  2353 | D:2      | Reached XP level 4. HP: 23/32 MP: 0/0
  2651 | D:2      | Noticed Robin
  2691 | D:2      | Killed Robin
  3179 | D:3      | Found a blossoming altar of Fedhas.
  3631 | D:3      | Reached XP level 5. HP: 37/38 MP: 0/0
  3631 | D:3      | Learned a level 2 spell: Poisonous Vapours
  3754 | D:3      | Found Liruoqikk's Assorted Antiques.
  3762 | D:3      | Bought 2 metallic orange potions for 45 gold pieces
  3762 | D:3      | Bought a scroll labelled KUOPSIDEUC for 25 gold pieces
  3762 | D:3      | Bought a scroll labelled INEALY MUDGH for 25 gold pieces
  3772 | D:3      | Found an opulent altar of Gozag.
  3849 | D:3      | Noticed Sigmund
  3862 | D:3      | Killed Sigmund
  3863 | D:3      | Reached skill level 5 in Spellcasting
  3863 | D:3      | Reached XP level 6. HP: 30/45 MP: 0/0
  4550 | D:4      | Noticed Grinder
  4564 | D:4      | Killed Grinder
  4565 | D:4      | Reached XP level 7. HP: 42/50 MP: 0/0
  4565 | D:4      | Learned a level 3 spell: Conjure Flame
  4602 | D:4      | Found a staircase to the Ecumenical Temple.
  4617 | Temple   | Entered the Ecumenical Temple
  4653 | Temple   | Became a worshipper of Hepliaklqana the Forgotten
  4723 | D:4      | Reached skill level 6 in Spellcasting
  5027 | D:4      | Found a glowing golden altar of the Shining One.
  5092 | D:4      | Reached skill level 5 in Dodging
  5164 | D:5      | Entered Level 5 of the Dungeon
  5208 | D:5      | Reached XP level 8. HP: 34/52 MP: 0/0
  5358 | D:5      | Noticed a yak
  5365 | D:5      | Killed a yak
  5385 | D:5      | Noticed a yak
  5385 | D:5      | Noticed a yak
  5385 | D:5      | Noticed a yak
  5385 | D:5      | Noticed a yak
  5387 | D:5      | Noticed a yak
  5402 | D:5      | Killed a yak
  5403 | D:5      | Reached skill level 7 in Spellcasting
  5404 | D:5      | Slain by a yak

Illustrated notes

Levels and vault maps discovered:
D:1:      lemuel_arrival_muddy, layout_basic, serial_curves, eino_curves_03,
          eino_curves_03, kennysheep_minor_cross
D:2:      layout_loops_corners, uniq_robin
D:3:      layout_basic, lemuel_tele_altar, lemuel_doored_altar, serial_shops,
          shop, minmay_misc_feat_rows, minmay_increasing_density, uniq_sigmund
D:4:      layout_basic, nicolae_tso_besieged_by_evil,
          minmay_temple_entry_slanted, minmay_unequal, uniq_grinder
D:5:      wad_woods_tower, layout_basic, ashenzari_altar_1, lemuel_round_altar,
          ebering_dispersal_statue_hall
Temple:   corrupted_temple

Skill      XL: |  1  2  3  4  5  6  7  8 |
---------------+-------------------------+-----
Fighting       | 1 2 3 4 |  4.7
Spellcasting   | 4 5 6 7 |  7.0
Dodging        | 3 4 5 |  5.8
Stealth        | |  1.5

Action                   |  1- 3 |  4- 6 |  7- 9 || total
-------------------------+-------+-------+-------++-------
Melee: Unarmed           |       |     1 |       ||     1
       Whip              |       |       |    11 ||    11
 Cast: Magic Dart        |    69 |    63 |     3 ||   135
       Searing Ray       |     2 |    18 |    28 ||    48
Armor: Robe              |     1 |     2 |     7 ||    10
Dodge: Dodged            |     5 |    18 |    18 ||    41

Table legend: (Time is in decaauts)
 A = Elapsed time spent in this place.
 B = Non-inter-level travel time spent in this place.
 C = Inter-level travel time spent in this place.
 D = Time resting spent in this place.
 E = Time spent auto-exploring this place.
 F = Levels seen in this place.
 G = Mean time per level.
                   A        B        C        D        E       F      G
               +--------+--------+--------+--------+--------+-----+--------+
         Total |   5403 |   5293 |    110 |      3 |   4730 |   6 |  900.5 |
       Dungeon |   5351 |   5256 |     95 |      3 |   4704 |   5 | 1070.2 |
        Temple |     52 |     37 |     15 |      0 |     26 |   1 |   52.0 |
               +--------+--------+--------+--------+--------+-----+--------+

Top non-repeatable levels by time:
     D:1: 1802 daAuts
     D:2: 1368 daAuts
     D:3: 1319 daAuts
     D:4: 621 daAuts
     D:5: 239 daAuts
  Temple: 52 daAuts
